 Dungeon Crawl Stone Soup version 0.28.0-43-g3370ac3207 (webtiles) character file.

Game seed: 17537140688811703302

23 RatsInWalls the Twirler (level 3, 0/26 HPs)
             Began as a Human Wanderer on Mar 31, 2022.
             Succumbed to a goblin's poison
             ... on level 2 of the Dungeon.
             The game lasted 00:03:28 (906 turns).

RatsInWalls the Twirler (Human Wanderer)             Turns: 906, Time: 00:03:28

Health: 0/26       AC:  5    Str: 13    XL:     3   Next: 12%
Magic:  4/4        EV: 10    Int: 13    God:
Gold:   26         SH:  0    Dex: 12    Spells: 3/4 levels left

rFire   . . .      SeeInvis .   a - +0 quarterstaff
rCold   . . .      Faith    .   (shield currently unavailable)
rNeg    . . .      Spirit   .   i - +0 ring mail
rPois   .          Reflect  .   (no helmet)
rElec   .          Harm     .   (no cloak)
rCorr   .          Rampage  .   (no gloves)
Will    .....                   (no boots)
Stlth   +.........              (no amulet)
HPRegen 0.08/turn               (no ring)
MPRegen 0.09/turn               (no ring)

@: mighty, lethally poisoned (0 -> -4), about to teleport
A: no striking features
a: no special abilities


You were on level 2 of the Dungeon.
You visited 1 branch of the dungeon, and saw 2 of its levels.

You collected 26 gold pieces.

Inventory:

Hand Weapons
 a - a +0 quarterstaff (weapon)
Missiles
 f - 39 stones
 g - 15 bolts
Armour
 i - a +0 ring mail (worn)
 j - a +0 buckler
Wands
 b - a wand of flame (7)
Scrolls
 c - a scroll of fog {unknown}
 d - 2 scrolls of teleportation
 e - 2 scrolls of identify {unknown}


   Skills:
 * Level 1.4 Fighting
 - Level 4.0 Staves
 * Level 0.8 Armour
 + Level 0.6 Dodging
 + Level 0.5 Stealth
 + Level 1.1 Spellcasting
 + Level 2.1 Conjurations
 * Level 2.3 Evocations


You had 3 spell levels left.
You knew the following spells:

 Your Spells              Type           Power      Damage    Failure   Level
a - Foxfire               Conj/Fire      12%        2x1d4     36%         1

Your spell library contained the following spells:

 Spells                   Type           Power      Damage    Failure   Level
 Mephitic Cloud           Conj/Pois/Air  2%         N/A       78%         3
 Hailstorm                Conj/Ice       3%         3d3       98%         4


Dungeon Overview and Level Annotations

Branches:
Dungeon (2/15)

Altars:


Message History

You kill the quokka!
No target in view!
A goblin comes into view. It is wielding a +1 dagger of venom.
The goblin shouts!
You hear an angry hiss.
A goblin is nearby!
You hit the goblin.
The goblin is moderately wounded.
The goblin hits you but does no damage.
You are poisoned.
You closely miss the goblin.
The goblin is moderately wounded.
You feel very sick.
The goblin hits you with a +1 dagger of venom.
You are more poisoned.
You hit the goblin but do no damage.
The goblin is moderately wounded.
You feel very sick. The goblin hits you but does no damage.
You are lethally poisoned!
You sock the goblin!
You kill the goblin!
You feel very sick.
A ball python comes into view.
You are too injured to fight recklessly!
You are too injured to fight recklessly!
You feel very sick.
* * * LOW HITPOINT WARNING * * *
You feel very sick.
* * * LOW HITPOINT WARNING * * *
You feel sick.
* * * LOW HITPOINT WARNING * * *
You feel sick.
It was a potion of might.
You feel very mighty all of a sudden.
* * * LOW HITPOINT WARNING * * *
You feel sick.
Unknown command.
As you read the scroll labelled ZAABIE ZOIHYU, it crumbles to dust.
You feel strangely unstable.
It was a scroll of teleportation.
You die...

######## .......####
#.......############
#.##.##.......@....#
#.##.#############.#
#.##.# #)#
#.##)####### #.#
##.##........ #.#
##...#.####### #.#
#.<....# #.#
#....#....... #S#
....#######.. ...


There were no monsters in sight!

Vanquished Creatures
  3 giant cockroaches
  3 goblins
  A hobgoblin (D:1)
  2 jackals (D:1)
  5 quokkas
  A ball python (D:1)
  3 bats (D:1)
  2 rats
20 creatures vanquished.

Vanquished Creatures (others)
  2 foxfires (D:1)
2 creatures vanquished.

Grand Total: 22 creatures vanquished

Notes
Turn   | Place    | Note
-------+----------+-------------------------------------------
     0 | D:1      | RatsInWalls the Human Wanderer began the quest for the Orb.
     0 | D:1      | RatsInWalls set off with the following items: a +0
                  | quarterstaff, a wand of flame (7), a +0 robe; and the
                  | following spell memorised: Foxfire; and the following
                  | spells available to memorise: Mephitic Cloud, Hailstorm
     0 | D:1      | Reached XP level 1. HP: 15/15 MP: 2/2
   358 | D:1      | Reached XP level 2. HP: 21/21 MP: 3/3
   875 | D:2      | Reached XP level 3. HP: 26/26 MP: 4/4
   905 | D:2      | HP: 1/26 [poisoned by a goblin]
   906 | D:2      | Succumbed to a goblin's poison

Illustrated notes

Levels and vault maps discovered:
D:1:      evilmike_arrival_hilbert_curve, layout_basic, minmay_crystal_water
D:2:      layout_loops_ring, basic_ecumenical_altar

Action                   || total
-------------------------++-------
Melee: Quarterstaff      ||    53
 Cast: Foxfire           ||     1
  Use: Scroll            ||     1
       Potion            ||     1
Armor: Robe              ||     2
       Ring mail         ||    21
Dodge: Dodged            ||    47
